 Dungeon Crawl Stone Soup version 0.28-a0-750-g7c675f85b1 (webtiles) character file.

Game seed: 13267709851910544750

494 ytrimaz the Sneak (level 6, -3/47 HPs)
             Began as a Demonspawn Delver on Oct 29, 2021.
             Was a Believer of Dithmenos.
             Succumbed to Ijyb's poison
             ... on level 4 of the Dungeon.
             The game lasted 00:08:53 (4658 turns).

ytrimaz the Sneak (Demonspawn Delver)               Turns: 4658, Time: 00:08:54

Health: -3/47      AC: 11    Str: 14    XL:     6   Next: 92%
Magic:  7/7        EV:  4    Int:  9    God:    Dithmenos [**....]
Gold:   116        SH:  0    Dex: 15    Spells: 5/5 levels left

rFire   + . .      SeeInvis .     - Unarmed
rCold   . . .      Faith    .   (no shield)
rNeg    . . .      Spirit   .   o - +0 plate armour
rPois   .          Reflect  .   (helmet restricted)
rElec   .          Harm     .   (no cloak)
rCorr   .          Rampage  .   (no gloves)
Will    +....                   (no boots)
Stlth   ..........              (no amulet)
HPRegen 0.15/turn               l - ring of protection from fire
MPRegen 0.10/turn               p - ring of willpower

@: mighty, lethally poisoned (-3 -> -27), attractive, wreathed by umbra
A: claws 1, horns 1, foul stench 1, weakness stinger 2, stinger 1, dopey 1, wild
magic 1
a: Renounce Religion, Shadow Step


You were on level 4 of the Dungeon.
You worshipped Dithmenos.
Dithmenos was pleased with you.
You visited 2 branches of the dungeon, and saw 6 of its levels.

You collected 116 gold pieces.

Inventory:

Hand Weapons
 a - a +1 hand axe
Armour
 o - a +0 plate armour (worn)
Jewellery
 l - a ring of protection from fire (left claw)
 p - a ring of willpower (right claw)
 q - a ring of flight
 s - a +4 ring of protection
Wands
 g - a wand of digging (3)
 i - a wand of flame (4)
Scrolls
 b - a scroll of teleportation
 c - 2 scrolls of fog
 d - a scroll of magic mapping
 e - a scroll of fear
Potions
 h - a potion of might
 k - 2 potions of mutation
 m - a potion of lignification {unknown}
 n - a potion of berserk rage {unknown}
 r - a potion of cancellation {unknown}


   Skills:
 + Level 3.6 Fighting
 - Level 2.1 Axes
 * Level 3.3 Armour
 - Level 2.2 Dodging
 - Level 5.1 Stealth
 * Level 3.7 Unarmed Combat
 * Level 2.4 Invocations


You had 5 spell levels left.
You didn't know any spells.
Your spell library contained the following spells:

 Spells                   Type           Power      Damage    Failure   Level
 Sandblast                Erth           0%         2d4       100%        1
 Passwall                 Tmut/Erth      0%         N/A       100%        2
 Gell's Gravitas          Tloc           0%         N/A       100%        3
 Stone Arrow              Conj/Erth      0%         3d7       100%        3
 Teleport Other           Tloc           0%         N/A       100%        3
 Summon Forest            Summ/Tloc      0%         N/A       100%        5
 Summon Mana Viper        Hex/Summ       0%         N/A       100%        5
 Dispersal                Tloc           0%         N/A       100%        6
 Summon Cactus Giant      Summ           0%         N/A       100%        6


Dungeon Overview and Level Annotations

Branches:
Dungeon (5/15)             Temple (1/1) D:4

Altars:
Ashenzari
Cheibriados
Dithmenos
Fedhas
Gozag
Hepliaklqana
Okawaru
Qazlal
Sif Muna
Trog
Wu Jian
Xom
The Shining One

Annotations:
D:4 2 runed translucent doors, Ijyb; Rennog's ghost, amateur OgGl


Innate Abilities, Weirdness & Mutations

You have sharp fingernails.
You have a pair of small horns on your head.
You may rarely emit foul miasma when damaged in melee.
You have a tail ending in a sharp stinger.
Your tail ends in a poisonous barb.
You are dopey. (Int -2)
Your spells are a little harder to cast, but a little more powerful.


Message History

You feel better.
Ijyb hits you with a +1 dagger of venom.
You are poisoned.
You closely miss Ijyb. Your headbutt misses Ijyb.
Ijyb is severely wounded.
You feel very sick. Ijyb hits you but does no damage.
You scratch Ijyb but do no damage.
Ijyb is severely wounded.
You feel sick.
Ijyb hits you with a +1 dagger of venom.
* * * LOW HITPOINT WARNING * * *
You are lethally poisoned!
You scratch Ijyb but do no damage.
Ijyb is severely wounded.
* * * LOW HITPOINT WARNING * * *
You feel very sick.
Ijyb zaps a wand.
The puff of flame hits you. You resist.
* * * LOW HITPOINT WARNING * * *
You feel better.
Ijyb hits you with a +1 dagger of venom.
* * * LOW HITPOINT WARNING * * *
You are lethally poisoned!
It was a potion of might.
You feel very mighty all of a sudden.
* * * LOW HITPOINT WARNING * * *
You feel very sick.
Ijyb hits you with a +1 dagger of venom.
* * * LOW HITPOINT WARNING * * *
You are more poisoned.
It was a potion of attraction.
You feel attractive to monsters.
* * * LOW HITPOINT WARNING * * *
You feel very sick. Ijyb hits you but does no damage.
You are more poisoned.
It was a potion of mutation.
You feel extremely strange.
You feel less in control of your magic.
You feel stupid.
A poisonous barb forms on the end of your tail.
You die...

.#
##.....## #
#...#.# ..#
#..#.##
#... ###..#
# ##.## .#
##.##
....####..#
......g#.##
#@.#
##....#
#......#
........#
#.......#
##....###
#####


You could see Ijyb.

Vanquished Creatures
  Grinder (D:3)
  A water moccasin skeleton (D:4)
  A jelly (D:4)
  An orc wizard (D:4)
  4 gnolls (D:2)
  5 adders
  2 howler monkey skeletons (D:4)
  An adder skeleton (D:4)
  3 worms
  2 dart slugs
  5 orcs
  3 ball pythons
  5 endoplasms
  4 giant cockroaches
  2 goblins (D:1)
  9 hobgoblins
  6 jackals
  8 kobolds
  A quokka (D:2)
  4 bats
  12 frilled lizards
  4 rats
84 creatures vanquished.

Notes
Turn   | Place    | Note
-------+----------+-------------------------------------------
     0 | D:5      | ytrimaz the Demonspawn Delver began the quest for the Orb.
     0 | D:5      | Reached XP level 1. HP: 18/18 MP: 1/1
    30 | D:4      | Found a staircase to the Ecumenical Temple.
    59 | Temple   | Entered the Ecumenical Temple
   153 | Temple   | Became a worshipper of Dithmenos the Shadowed
   209 | D:4      | Discovered your monstrous ancestry.
   209 | D:4      | Gained mutation: You have a pair of small horns on your
                  | head. [demonic ancestry]
   209 | D:4      | Reached XP level 2. HP: 15/24 MP: 2/2
   357 | D:4      | Found a runed translucent door.
   359 | D:4      | Noticed a bullfrog
   360 | D:4      | Noticed Rennog's ghost (amateur OgGl)
   410 | D:2      | Reached skill level 5 in Stealth
   455 | D:2      | Gained mutation: You have sharp fingernails. [demonic
                  | ancestry]
   455 | D:2      | Reached XP level 3. HP: 11/29 MP: 3/3
   764 | D:2      | Found a stormy altar of Qazlal.
  1219 | D:1      | Reached * piety under Dithmenos
  1579 | D:1      | Reached skill level 1 in Invocations
  1589 | D:1      | Gained mutation: You have a small tail. [demonic ancestry]
  1589 | D:1      | Reached XP level 4. HP: 27/35 MP: 4/4
  1785 | D:1      | Reached skill level 1 in Unarmed Combat
  2421 | D:2      | Reached skill level 1 in Armour
  2888 | D:3      | Noticed Grinder
  2913 | D:3      | Killed Grinder
  2914 | D:3      | Gained mutation: You may rarely emit foul miasma when
                  | damaged in melee. [demonic ancestry]
  2914 | D:3      | Reached XP level 5. HP: 20/41 MP: 6/6
  2914 | D:3      | Gained mutation: You have a tail ending in a sharp stinger.
                  | [demonic ancestry]
  2914 | D:3      | Reached XP level 6. HP: 23/47 MP: 7/7
  3506 | D:3      | Found a faded altar of an unknown god.
  3640 | D:3      | Found an opulent altar of Gozag.
  4397 | D:4      | Found a runed translucent door.
  4408 | D:4      | Reached ** piety under Dithmenos
  4628 | D:4      | Noticed Ijyb
  4658 | D:4      | Gained mutation: Your spells are a little harder to cast,
                  | but a little more powerful. [potion of mutation]
  4658 | D:4      | Gained mutation: You are dopey. (Int -2) [potion of
                  | mutation]
  4658 | D:4      | Gained mutation: Your tail ends in a poisonous barb.
                  | [potion of mutation]
  4658 | D:4      | Succumbed to Ijyb's poison

Illustrated notes

Levels and vault maps discovered:
D:1:      dpeg_arrival_tiny_d, layout_basic, minmay_lizard_pond
D:2:      layout_loops_ring, basic_altar
D:3:      layout_loops_ring, grunt_gozag_statues, basic_ecumenical_altar,
          uniq_grinder
D:4:      layout_cave_pods, mainiacjoe_overflow_alcove_4,
          minmay_temple_entry_ruins, ebering_ghost_sewer_f, serial_shops,
          kennysheep_mini_moat, supply_closet_lemuel, grunt_ministairs_8,
          uniq_ijyb
D:5:      layout_layer_cave, mainiacjoe_overflow_surrounded_room
Temple:   nicolae_temple_hex_pool

Skill      XL: |  1  2  3  4  5  6 |
---------------+-------------------+-----
Stealth        | 5 |  5.1
Axes           | 2 |  2.1
Dodging        | 2 |  2.2
Invocations    | 1 2 |  2.4
Unarmed Combat | 3 |  3.7
Armour         | 2 3 |  3.3
Fighting       | |  3.6

Action                   |  1- 3 |  4- 6 || total
-------------------------+-------+-------++-------
Melee: Hand axe          |    48 |       ||    48
       Headbutt          |    13 |    40 ||    53
       Unarmed           |    61 |   214 ||   275
       Tailslap          |       |    34 ||    34
       Punch             |       |     2 ||     2
Evoke: Wand              |       |    12 ||    12
  Use: Potion            |       |     7 ||     7
       Scroll            |       |     5 ||     5
 Stab: Sleeping          |     4 |       ||     4
Armor: Leather armour    |    33 |       ||    33
       Plate armour      |    12 |   138 ||   150
Dodge: Dodged            |    95 |    41 ||   136

Table legend: (Time is in decaauts)
 A = Elapsed time spent in this place.
 B = Non-inter-level travel time spent in this place.
 C = Inter-level travel time spent in this place.
 D = Time resting spent in this place.
 E = Time spent auto-exploring this place.
 F = Levels seen in this place.
 G = Mean time per level.
                   A        B        C        D        E       F      G
               +--------+--------+--------+--------+--------+-----+--------+
         Total |   4642 |   4563 |     79 |   1080 |   2493 |   6 |  773.7 |
       Dungeon |   4524 |   4467 |     57 |   1080 |   2432 |   5 |  904.8 |
        Temple |    117 |     95 |     22 |      0 |     61 |   1 |  117.0 |
               +--------+--------+--------+--------+--------+-----+--------+

Top non-repeatable levels by time:
     D:2: 1342 daAuts
     D:4: 1074 daAuts
     D:1: 1063 daAuts
     D:3: 1021 daAuts
  Temple: 117 daAuts
     D:5: 23 daAuts
